[Event "MČR v rapid šachu družstev 2019"]
[Site "Teplice, Czech Republic"]
[Date "2019.09.15"]
[Round "5.20"]
[White "Tichy, Lukas"]
[Black "Routner, Jakub"]
[Result "0-1"]
[TimeControl "15 min. + 5s"]
[WhiteElo "1869"]
[BlackElo "2092"]

1. e4 c5 2. Nf3 e6 3. d4 cxd4 4. Nxd4 a6 5. Nc3 Qc7 6. g3 Nc6 7. Nxc6 bxc6 8. Bg2 Nf6 9. O-O Bc5 10. Bg5 h6 11. Bxf6 gxf6 12.
Na4 Be7 13. c4 c5 14. Qh5 Bb7 15. Nc3 Qe5 16. Qe2 Qg5 17. Rad1 Rd8 18. f4 h5 19. f5 Bf8 20. Qd2 e5 21. fxe6 fxe6 22. Qf2 Bh6 23. Qxf6 Qxf6 24. Rxf6 Ke7 25.
Rdf1 Be3+ 26. Kh1 Rdf8 27. Rxf8 Rxf8 28. Rxf8 Kxf8 29. Bf3 Bd4 30. Bxh5 Bxc3 31. bxc3 Bxe4+ 32. Kg1 Bd3 33. Kf2 Bxc4 34. a3 0-1

[Event "MČR v rapid šachu družstev 2019"]
[Site "Teplice, Czech Republic"]
[Date "2019.09.15"]
[Round "5.21"]
[White "Rubes, Jan"]
[Black "Novotny, Michal"]
[Result "0-1"]
[TimeControl "15 min. + 5s"]
[WhiteElo "2345"]
[BlackElo "2311"]

1. Nf3 e6 2. b3 d5 3. Bb2 Nf6 4. e3 Be7 5. d4 O-O 6. Bd3 c5 7. O-O Nc6 8. a3 Ne4 9. c4 cxd4 10. Nxd4 Nc5 11. Bc2 dxc4 12.
bxc4 Qb6 13. Bc3 g6 14. Nd2 Bd7 15. Qf3 e5 16. Rfb1 exd4 17. exd4 Nxd4 18. Bxd4 Qc6 19. Bxc5 Qxc5 20.
Be4 Rad8 21. Bd5 Be6 22. Rxb7 Rxd5 23. Ne4 Qd4 24. Re1 Rf5 25. Qg3 Bc5 26. h3 Bxc4 27. Rc7 Bb6 28. Rc6 Bd5 29. Rd6 Qxe4 30. Rxe4 Bxe4 31.
Rxb6 axb6 32. Qe3 Bd5 33.
Qxb6 Be6 34. g4 Rd5 35. Kg2 Ra8 36. Qb4 Rda5 0-1

[Event "MČR v rapid šachu družstev 2019"]
[Site "Teplice, Czech Republic"]
[Date "2019.09.15"]
[Round "5.22"]
[White "Rolinek, Dominik"]
[Black "Hadraba, Vladimir"]
[Result "1/2-1/2"]
[TimeControl "15 min. + 5s"]
[WhiteElo "1999"]
[BlackElo "2125"]

1. d4 Nf6 2. Bf4 d6 3. Nc3 g6 4. e4 Bg7 5. Nf3 O-O 6. Be2 c6 7. Qd2 b5 8. a3 a6 9. O-O Bb7 10.
Rad1 Qb6 11. Bh6 c5 12. Bxg7 Kxg7 13. e5 Ne4 14. Nxe4 Bxe4 15. Ng5 Bb7 16. exd6 Qxd6 17. Bf3 Bxf3 18.
Nxf3 cxd4 19. Qxd4+ Qxd4 20. Rxd4 Nc6 21. Rd7 Rfd8 22. Rfd1 Kf6 23. Kf1 h6 24. Ke2 Ke6 25. Rxd8 Rxd8 26. Rxd8 Nxd8 27. Kd3 Kd5 28.
b3 Nc6 29. c4+ bxc4+ 30. bxc4+ Kc5 31. Kc3 e5 32. Nd2 f5 33. Nb3+ Kd6 34. Kd3 e4+ 35. Ke3 Ke5 36. f3 exf3 37.
gxf3 g5 38. h3 h5 39. Nc5 a5 40. Nb3 Kd6 41. Ke4 Ke5+ 42. Ke3 f4+ 1/2-1/2

[Event "MČR v rapid šachu družstev 2019"]
[Site "Teplice, Czech Republic"]
[Date "2019.09.15"]
[Round "5.23"]
[White "Kral, David"]
[Black "Hosnedl, Matyas"]
[Result "1-0"]
[TimeControl "15 min. + 5s"]
[WhiteElo "2029"]
[BlackElo "1858"]

1. e4 e6 2. d4 d5 3.
Nc3 Nf6 4. Bg5 Be7 5. e5 Nfd7 6.
Bxe7 Qxe7 7. Qg4 f6 8. f4 c5 9. Nb5 O-O 10. O-O-O Nc6 11. c3 a6 12. Nd6 cxd4 13. cxd4 b5 14.
Nf3 Nb6 15. h4 Nc4 16. Bxc4 bxc4 17. Rhe1 Nb4 18. Kb1 Qd7 19. a3 Nd3 20. Re2 Rb8 21. Ne1 Qa4 22. Rc2 fxe5 23. Nxc8 Rbxc8 24. Qxe6+ Kh8 25. Nxd3 cxd3 26.
Rxc8 Qxd1+ 27. Ka2 1-0

[Event "MČR v rapid šachu družstev 2019"]
[Site "Teplice, Czech Republic"]
[Date "2019.09.15"]
[Round "5.25"]
[White "Soural, Jan"]
[Black "Bujak, Michal"]
[Result "0-1"]
[TimeControl "15 min. + 5s"]
[WhiteElo "2121"]
[BlackElo "2170"]

1. d4 Nf6 2. c4 e6 3. g3 Bb4+ 4. Bd2 Be7 5. Bg2 d5 6. Nf3 Ne4 7. O-O c6 8. Qc2 O-O 9. Bc1 Nd7 10.
Rd1 f5 11. b3 Qe8 12. Ba3 Bxa3 13. Nxa3 Qh5 14. b4 f4 15. b5 Ndf6 16. bxc6 fxg3 17.
hxg3 Ng4 18. cxd5 exd5 19. cxb7 Bxb7 20. Rab1 Ba6 21. Nb5 Rxf3 22. exf3 Qh2+ 23. Kf1 Nxg3+ 24. fxg3 Ne3+ 25. Kf2 Qxg2+ 26. Kg1 0-1

[Event "MČR v rapid šachu družstev 2019"]
[Site "Teplice, Czech Republic"]
[Date "2019.09.15"]
[Round "5.26"]
[White "Sott, Pavel"]
[Black "Vokoun, Jan"]
[Result "1/2-1/2"]
[TimeControl "15 min. + 5s"]
[WhiteElo "2179"]
[BlackElo "2119"]

1. e4 e5 2. Nf3 Nc6 3. Bc4 Bc5 4. c3 Nf6 5. d4 exd4 6. cxd4 Bb4+ 7. Nc3 d5 8. exd5 Nxd5 9. O-O Nxc3 10. bxc3 Be7 11. Re1 O-O 12. d5 Na5 13. Bd3 Bg4 14. c4 b6 15.
h3 Bxf3 16. Qxf3 Bf6 17. Rb1 Nb7 18. Ba3 Nd6 19. c5 bxc5 20. Bxc5 g6 21. Re2 Re8 22. Rbe1 Rxe2 23. Rxe2 Bg7 24.
g3 a5 25. h4 h5 26. Be3 Qd7 27. Bg5 Re8 28. Bf4 Rxe2 29. Qxe2 Qa4 30. Qc2 Qd4 31. Qxc7 Qxd3 32. Qxd6 Qb1+ 33.
Kg2 Qxa2 34. Qb8+ Kh7 35. Qb7 a4 36. Qxf7 Qb2 37. d6 a3 38. d7 Qb7+ 39. Kh2 Qf3 40. Qa2 Qd3 41. Qd2 Qxd2 42.
Bxd2 a2 43. d8=Q a1=Q 44. Be3 Qe5 45.
Qd7 Qf6 46. Qb7 Kg8 47. Kg2 Qe6 48. Qa8+ Kh7 49. Bg5 Qe5 50. Qc6 Qf5 51. Qf3 Qxf3+ 52. Kxf3 Kg8 53. Ke4 Kf7 54. Bf4 Ke6 55.
f3 Bf6 56. Bg5 Bb2 57. g4 hxg4 58. fxg4 Bc3 59. Be3 Be5 60. Bd4 Bg3 61. h5 gxh5 62. gxh5 Kf7 63. Kf5 Kg8 64. Kg6 Bf4 65. Bf6 Be3 66. Bg7 Bd2 67.
Bh6 Bxh6 68. Kxh6 Kh8 1/2-1/2

[Event "MČR v rapid šachu družstev 2019"]
[Site "Teplice, Czech Republic"]
[Date "2019.09.15"]
[Round "5.27"]
[White "Postupa, Martin"]
[Black "Kupka, Frantisek"]
[Result "1-0"]
[TimeControl "15 min. + 5s"]
[WhiteElo "1950"]
[BlackElo "2061"]

1. e4 d6 2. Nc3 Nf6 3. h3 e5 4. g3 d5 5. exd5 Nxd5 6. Bg2 Nxc3 7. bxc3 Bd6 8. Ne2 O-O 9. O-O c6 10. d4 Be6 11. Rb1 Qc7 12. a3 Nd7 13. Qd3 Nb6 14. Re1 Rad8 15.
Kh2 Bc4 16. Qd1 Rfe8 17. Ng1 Bd5 18. Bf1 Nc4 19. Ra1 h6 20. Qg4 Be6 21. Qe4 f5 22. Qe2 Qf7 23. Bg2 e4 24. h4 Qf6 25.
h5 Bf7 26. Nh3 Qh4 27. Kg1 Qxh5 28. Qxh5 Bxh5 29. Rb1 b6 30. a4 Bc7 31. Bf4 Bxf4 32. Nxf4 Bf7 33. Bh3 Nd6 34. a5 b5 35.
g4 g5 36. Ne2 f4 37. Nc1 Nc4 38. Ra1 a6 39. Nb3 Bd5 40. Nc5 Ra8 41. Nd7 Kf7 42. Bf1 Nd2 43. Bg2 Re7 44. Ne5+ Rxe5 45.
dxe5 Re8 46. Rad1 Nc4 47. Bxe4 Bxe4 48. Rxe4 Rxe5 49. Rxe5 Nxe5 50. Rd8 Nc4 51. Ra8 Nxa5 52. Rxa6 Nc4 53. Rxc6 Ne5 54. Rxh6 Nxg4 55.
Rb6 Nf6 56. Rxb5 Ne4 57. f3 Nxc3 58. Rxg5 Kf6 59. Rc5 Ne2+ 60. Kf2 Nd4 61. c3 Nb3 62. Rb5 Nd2 63. Ke2 Nc4 64. Rb4 1-0

[Event "MČR v rapid šachu družstev 2019"]
[Site "Teplice, Czech Republic"]
[Date "2019.09.15"]
[Round "5.28"]
[White "Janocko, Petr"]
[Black "Krouzel, Jaroslav"]
[Result "1/2-1/2"]
[TimeControl "15 min. + 5s"]
[WhiteElo "2071"]
[BlackElo "2068"]

1. d4 f5 2. c4 Nf6 3.
Nc3 d6 4. Nf3 g6 5. g3 Bg7 6. Bg2 O-O 7. d5 a5 8. O-O Na6 9. Nd4 Nc5 10.
Nb3 Nxb3 11. axb3 Bd7 12. Qc2 Qe8 13. Bd2 Qf7 14. e3 b6 15. h3 Rae8 16. Nb5 Bxb5 17. cxb5 Rc8 18. b4 axb4 19.
Ra7 Nxd5 20. e4 fxe4 21. Bxe4 e6 22. Bxd5 exd5 23. Bxb4 Qd7 24. Qd3 d4 25. Kg2 Qf7 26. f4 Qd5+ 27.
Kh2 Rfe8 28. Bd2 Qe4 29. Qb3+ Qe6 30. Qxe6+ Rxe6 31. Kg2 Kf7 32. Kf3 d3 33. Rc1 Re7 34. b3 Bd4 35. Rc4 Bf6 36.
Bb4 c5 37. Rxe7+ Kxe7 38. Bd2 d5 39. Ra4 c4 40. Bb4+ Ke6 41. Ra6 cxb3 42. Rxb6+ Kf7 43. Rb7+ Kg8 44. Ba3 b2 45. Bxb2 Bxb2 46.
Ke3 Bg7 47. Rd7 d4+ 48. Kxd3 Rc3+ 49. Kd2 Rxg3 50. b6 Rb3 51. b7 Bf8 52. Kc2 Rb6 53. Kd3 h6 54. Kc4 d3 55. Kxd3 Rd6+ 56.
Ke4 Rb6 57. Kd5 Rb1 58. Ke6 Rb6+ 59. Kd5 Rb1 60. Ke6 Rb6+ 61. Kd5 Rb1 1/2-1/2

[Event "MČR v rapid šachu družstev 2019"]
[Site "Teplice, Czech Republic"]
[Date "2019.09.15"]
[Round "6.1"]
[White "Stocek, Jiri"]
[Black "Jirovsky, Milos"]
[Result "1-0"]
[TimeControl "15 min. + 5s"]
[WhiteElo "2507"]
[BlackElo "2477"]

1. d4 d5 2. c4 e6 3. Nc3 Nf6 4. Bg5 Nbd7 5. e3 c6 6. a3 Be7 7. Qc2 O-O 8. Nf3 b6 9. Rd1 Ba6 10.
Qa4 Bb7 11. Be2 a6 12. Qb3 dxc4 13. Qxc4 b5 14. Qa2 h6 15. Bh4 c5 16. dxc5 Bxc5 17. Bxf6 gxf6 18. b4 Bb6 19. O-O Qe7 20.
Qb1 Rfd8 21. Rd3 f5 22. Rfd1 Nf6 23. a4 Rxd3 24. Bxd3 Rc8 25. Qb2 bxa4 26. Nxa4 Ba7 27. Nd4 Nd5 28.
b5 axb5 29. Bxb5 Qb4 30. Qxb4 Nxb4 31. h3 f4 32. Bd7 Rb8 33. exf4 Bd5 34. Nc3 Rd8 35. Ba4 Bxg2 36. Ndb5 Rxd1+ 37. Bxd1 Bxh3 38. Nxa7 Nd3 39. Nc6 Nxf4 40. Kh2 Bf1 41. Kg3 Ng6 42. Ne4 Kg7 43. Bh5 Bb5 44. Nd8 Ba4 45. Nd6 f5 46.
Nxe6+ Kf6 47. Nc5 Bc6 48. Nd3 Ne5 49.
Nxe5 Kxe5 50. Nc4+ Kf6 51. Kf4 Bd7 52.
Ne3 Bc8 53. Bd1 Bd7 54. Bc2 Bc8 55.
Bxf5 Bb7 56. Bg4 Kg6 57. Bf3 Bc8 58. Nd5 Kg7 59. Bh5 Bb7 60. Ke5 Bc6 61. Ne7 Ba4 62. Nf5+ Kh7 63. Kf6 1-0

[Event "MČR v rapid šachu družstev 2019"]
[Site "Teplice, Czech Republic"]
[Date "2019.09.15"]
[Round "6.2"]
[White "Sokolov, Alexander"]
[Black "Kociscak, Jiri"]
[Result "1-0"]
[TimeControl "15 min. + 5s"]
[WhiteElo "2384"]
[BlackElo "2410"]

1. e4 e5 2. f4 exf4 3. Nf3 g5 4. Bc4 Bg7 5. h4 h6 6. d4 Nc6 7. c3 d6 8. O-O Qf6 9. Na3 a6 10. Qb3 Nge7 11. e5 dxe5 12.
dxe5 Qg6 13. hxg5 hxg5 14. Nxg5 Nxe5 15.
Bxf4 Nxc4 16. Nxc4 O-O 17. Rae1 Nc6 18. Re3 b5 19. Nd2 Bf5 20. Ndf3 Bc2 21. Qd5 Rad8 22. Qc5 Rfe8 23. Nh4 Bf8 24. Qxf8+ Rxf8 25. Nxg6 fxg6 26.
Ne6 Rxf4 27. Rxf4 Re8 28. Kf2 Bb1 29. Nxc7 Rxe3 30. Kxe3 Bxa2 31. Nxa6 Ne7 32. Nc7 Bc4 33. Kd4 Kg7 34. Kc5 g5 35. Rf2 1-0

[Event "MČR v rapid šachu družstev 2019"]
[Site "Teplice, Czech Republic"]
[Date "2019.09.15"]
[Round "6.3"]
[White "Polak, Tomas"]
[Black "Dolezal, Radoslav"]
[Result "1-0"]
[TimeControl "15 min. + 5s"]
[WhiteElo "2515"]
[BlackElo "2363"]

1. d4 d5 2. c4 c6 3.
Nc3 Nf6 4. Nf3 a6 5. cxd5 cxd5 6. Bf4 e6 7. e3 Bd6 8. Bxd6 Qxd6 9. Bd3 Nbd7 10. O-O O-O 11. Qe2 b5 12. Rac1 Bb7 13. Rc2 Rfc8 14. Rfc1 g6 15. h3 Rc6 16.
Qd2 Rac8 17. Ne2 Rxc2 18. Rxc2 Rxc2 19. Qxc2 Kg7 20. Nf4 Qc6 21. Qd2 Qc7 22. Qb4 Nb6 23. b3 Nc8 24. Ne5 Nd6 25.
Qc5 Nfe8 26. g4 Qd8 27. Kg2 Kg8 28. Kg3 g5 29. Nh5 f6 30. Nf3 Ne4+ 31. Bxe4 dxe4 32. Nd2 Kf7 33. Kg2 Qa5 34. Nc4 Qd8 35. Qa7 Qc7 36.
Na5 Bc8 37. Qc5 Qxa5 38. Qxc8 Qc7 39. Qxa6 b4 40. Qb5 Qd6 41. Ng3 Qd5 42. Qxb4 Nd6 43. Qc5 Ke7 44. Qc7+ Kf8 45. Qxh7 Qb5 46.
Qc7 1-0

[Event "MČR v rapid šachu družstev 2019"]
[Site "Teplice, Czech Republic"]
[Date "2019.09.15"]
[Round "6.4"]
[White "Postupa, Pavel"]
[Black "Vymazal, Bronislav"]
[Result "1-0"]
[TimeControl "15 min. + 5s"]
[WhiteElo "2203"]
[BlackElo "2347"]

1. e4 g6 2. d4 Bg7 3.
Nc3 c5 4. dxc5 Qa5 5. Bd2 Qxc5 6. Nf3 Nf6 7. Bd3 Nc6 8. O-O d6 9. Be3 Qh5 10. Be2 Qa5 11. a3 O-O 12. b4 Qd8 13.
Rb1 Bg4 14. h3 Bxf3 15. Bxf3 Ne5 16. Nd5 Nxd5 17. Qxd5 Rc8 18. Qxb7 Rc7 19. Qd5 Nxf3+ 20. gxf3 Rxc2 21. Rfc1 Rxc1+ 22. Rxc1 Qd7 23. Kg2 Rd8 24.
Qa5 e6 25. Rc7 Qe8 26. Bg5 Rb8 27. Qxa7 Rb5 28. Be3 Be5 29. Re7 Qf8 30. Rb7 Rxb7 31. Qxb7 Qd8 32. a4 d5 33. exd5 exd5 34.
a5 d4 35. Bd2 Bb8 36. a6 Qd6 37. f4 h5 38. b5 g5 39. b6 gxf4 40. a7 f3+ 41. Kxf3 Qf6+ 42. Ke4 Qe5+ 43. Kd3 Qb5+ 44.
Kxd4 Be5+ 45. Ke4 f5+ 46. Kxf5 Bg7+ 47. Ke6 Qe5+ 48. Kd7 Qd4+ 49. Kc6 Qe4+ 50. Kc7 Be5+ 51. Kc8 Qc4+ 52. Kd8 Qd4+ 53.
Ke8 Qa4+ 54. Qd7 Qa3 55. Qf7 1-0

[Event "MČR v rapid šachu družstev 2019"]
[Site "Teplice, Czech Republic"]
[Date "2019.09.15"]
[Round "6.6"]
[White "Cernousek, Lukas"]
[Black "Studnicka, Tomas"]
[Result "1-0"]
[TimeControl "15 min. + 5s"]
[WhiteElo "2478"]
[BlackElo "2379"]

1. Nf3 c5 2. e3 Nc6 3. d4 cxd4 4. exd4 d5 5. Bd3 Nf6 6. c3 Bg4 7. O-O e6 8. Re1 Bd6 9. Nbd2 O-O 10. Nf1 Bh5 11. Bg5 Be7 12. Ng3 Bg6 13.
Bxg6 hxg6 14. Ne5 Nxe5 15. dxe5 Nd7 16. Bxe7 Qxe7 17. Qg4 Rfc8 18. h4 Rc4 19. f4 Qc5+ 20. Kh2 Qf2 21. Rf1 Qxb2 22. h5 Nxe5 23.
Qd1 Qxc3 24. Rb1 f5 25. Rxb7 Ng4+ 26. Kh3 gxh5 27. Rf3 Qf6 28. Nxh5 Qh6 29. Rxg7+ Kf8 30. Rg5 Rxf4 31. Qe1 Qxg5 32. Nxf4 Qh6+ 33. Qh4 Qxh4+ 34. Kxh4 Kf7 35. Ra3 a5 36. Rb3 Kf6 37. Rb6 Re8 38. Nxd5+ Ke5 39. Nc7 Ne3 40. Nxe8 Nxg2+ 41. Kg3 Ne3 42. Rb5+ Ke4 43. Nd6+ Kd5 1-0

[Event "MČR v rapid šachu družstev 2019"]
[Site "Teplice, Czech Republic"]
[Date "2019.09.15"]
[Round "6.7"]
[White "Sodoma, Jan"]
[Black "Vrbata, Zbynek"]
[Result "1/2-1/2"]
[TimeControl "15 min. + 5s"]
[WhiteElo "2358"]
[BlackElo "2376"]

1. Nf3 Nf6 2. c4 g6 3. b3 Bg7 4. Bb2 O-O 5. g3 b6 6. Bg2 Bb7 7. O-O c5 8. d4 cxd4 9. Qxd4 Nc6 10.
Qd3 d5 11. cxd5 Qxd5 12. Qxd5 Nxd5 13. Bxg7 Kxg7 14. Rc1 Rac8 15. Nbd2 Rfd8 16. Nc4 Ba8 17. Ne1 Nd4 18. Kf1 Nb4 19.
Bxa8 Rxa8 20. e3 Ne6 21. Ke2 Rac8 22.
a3 Nd5 23. Nf3 Nc5 24. Ncd2 Ne6 25. Rc4 Rxc4 26. Nxc4 Nc3+ 27. Kf1 Nc5 28. Nd4 b5 29. Ne5 a5 30. Nec6 Rd6 31. Rc1 N3e4 32. b4 axb4 33. axb4 Nd3 34.
Rc2 Rf6 35. f4 e5 36. Nxb5 exf4 37. exf4 g5 38. Nc7 gxf4 39. Ne8+ Kg6 40. Nxf6 Kxf6 41. gxf4 Nxf4 42. b5 Nd5 43.
Rb2 Nb6 44. Nd4 Ke5 45. Nc6+ Kd5 46. Kg2 Nc3 47. Nd8 f6 48. Kf3 Kc4 49. Rc2 Kd3 50. Rb2 Kc4 51. Kf4 Nxb5 52. Kf5 Nd5 53.
Nc6 Nbc3 54. Ke6 Kc5 55. Nd8 Ne4 56. Rc2+ Nec3 57. Kf7 Kd4 58. Kg7 f5 59. Kxh7 f4 60. Ne6+ Ke3 61. h4 f3 62. h5 Ne2 63. Ra2 f2 64. Ra1 Nf6+ 65. Kg6 Nxh5 66.
Kxh5 Ng3+ 67. Kg4 f1=Q 68. Rxf1 Nxf1 1/2-1/2

[Event "MČR v rapid šachu družstev 2019"]
[Site "Teplice, Czech Republic"]
[Date "2019.09.15"]
[Round "6.8"]
[White "Kuba, Jindrich"]
[Black "Cech, Pavel"]
[Result "0-1"]
[TimeControl "15 min. + 5s"]
[WhiteElo "2229"]
[BlackElo "2394"]

1. e4 e6 2. d4 d5 3. Nc3 Bb4 4. e5 c5 5. a3 Bxc3+ 6. bxc3 Ne7 7. Nf3 b6 8. Be2 Ba6 9. O-O Bxe2 10.
Qxe2 O-O 11. a4 cxd4 12. cxd4 Nbc6 13. Ba3 Na5 14. Nd2 Rc8 15. Rfc1 Nc4 16. Nxc4 Rxc4 17. Bb2 Nf5 18. c3 Qh4 19.
g3 Qh3 20. a5 b5 21. a6 Rfc8 22. Rd1 h5 23. Rab1 h4 24. Ba1 hxg3 25. fxg3 Rb8 26. Bb2 b4 27. Ba1 b3 28. Bb2 Rb6 29.
Ra1 Qh6 30. Rd3 Rcc6 31. Rf3 Nxd4 32. cxd4 Rc2 33. Bc1 Rxc1+ 34. Rxc1 Qxc1+ 35. Rf1 b2 36. Qf3 Qxf1+ 0-1

[Event "MČR v rapid šachu družstev 2019"]
[Site "Teplice, Czech Republic"]
[Date "2019.09.15"]
[Round "6.9"]
[White "Slampa, Jan"]
[Black "Krejci, Jan"]
[Result "1/2-1/2"]
[TimeControl "15 min. + 5s"]
[WhiteElo "2166"]
[BlackElo "2496"]

1. d4 Nf6 2. c4 e6 3.
Nc3 Bb4 4. Qc2 d5 5. cxd5 exd5 6. Bd2 c6 7. a3 Bd6 8. Nf3 O-O 9. Bg5 Re8 10. e3 Bg4 11. Bd3 h6 12. Bh4 Bxf3 13.
gxf3 Nbd7 14. O-O-O b5 15. e4 Bf4+ 16. Kb1 Qb6 17. Ne2 Nh5 18. exd5 cxd5 19. Qb3 Qd6 20. Bg3 Bxg3 21. hxg3 Nhf6 22. Qxb5 Rab8 23. Qa6 Rb6 24.
Qxa7 Rb3 25. Qa6 Qb8 26. Rd2 Re6 27. Qa4 Rxd3 28. Rxd3 Rxe2 29. Rb3 Qe8 30. Rc1 Rxf2 31. Qa6 Nf8 32.
Rc8 Qe1+ 33. Ka2 N6d7 34. Rb7 Qd2 35. Qd6 Kh7 36. Qxd5 Qd3 37. Qxf7 Qxd4 38. Rxf8 Nxf8 39. Qxf8 Qd5+ 40.
Rb3 Rxb2+ 41. Kxb2 Qd2+ 42. Ka1 Qc1+ 43. Ka2 Qc2+ 44. Rb2 Qc4+ 45. Kb1 Qf1+ 46. Kc2 Qc4+ 47.
Kd1 Qd3+ 48. Ke1 Qe3+ 49. Re2 Qg1+ 50. Kd2 Qd4+ 51. Kc2 Qc4+ 52. Kb2 Qxe2+ 53. Kb3 Qd3+ 54. Kb2 1/2-1/2

[Event "MČR v rapid šachu družstev 2019"]
[Site "Teplice, Czech Republic"]
[Date "2019.09.15"]
[Round "6.10"]
[White "Sorm, Daniel"]
[Black "Horak, Jiri"]
[Result "1-0"]
[TimeControl "15 min. + 5s"]
[WhiteElo "2313"]
[BlackElo "2151"]

1. d4 d5 2. c4 e6 3. Nc3 Nf6 4. cxd5 exd5 5. Bg5 c6 6.
Qc2 Nbd7 7. e3 h6 8. Bh4 Be7 9.
Bd3 b6 10. Nf3 Bb7 11. Ne5 Nxe5 12. dxe5 Nd7 13. Bg3 O-O 14. O-O Nc5 15. Bh7+ Kh8 16. Bf5 Bc8 17. Ne2 Bxf5 18. Qxf5 Qc8 19. Qh5 Kh7 20. Nd4 g6 21.
Qe2 Ne6 22. Rac1 Nxd4 23. exd4 c5 24. dxc5 bxc5 25. Qd3 Qf5 26. Qxd5 Rfd8 27. Qc4 Rd2 28. Rfe1 Qe6 29. Qc3 Rad8 30.
Bf4 R8d3 31. Bxd2 Rxc3 32. Bxc3 Bg5 33. Rcd1 h5 34. Rd6 Qxa2 35. e6 fxe6 36. Rd7+ Kh6 37. Bg7+ Kh7 38. g3 Kg8 39. h4 Qa4 40. Red1 Be7 41.
Be5 Kf8 1-0

[Event "MČR v rapid šachu družstev 2019"]
[Site "Teplice, Czech Republic"]
[Date "2019.09.15"]
[Round "6.11"]
[White "Nudcenko, Karel"]
[Black "Strasil, Pavel"]
[Result "1/2-1/2"]
[TimeControl "15 min. + 5s"]
[WhiteElo "2110"]
[BlackElo "2097"]

1. e4 e6 2. d4 d5 3. e5 c5 4. c3 Nc6 5. Nf3 Bd7 6.
Bd3 Qb6 7. dxc5 Bxc5 8. Qe2 a5 9. a4 Nge7 10. O-O Ng6 11. Na3 O-O 12. Nb5 Nce7 13. Bd2 Bxb5 14. Bxb5 Nc6 15. h4 Qc7 16.
Rfe1 Be7 17. h5 Nh4 18. Nxh4 Bxh4 19. Qg4 Be7 20. Bh6 g6 21. hxg6 hxg6 22. Bxf8 Bxf8 23. f4 Qb6+ 24. Kf1 Kg7 25.
Ke2 Kg8 26. Rh1 Bg7 27. Qh3 d4 28. Rad1 Rd8 29. Rd2 dxc3 30. bxc3 Rxd2+ 31. Kxd2 Qf2+ 32. Kd3 Qxf4 33. Bxc6 bxc6 34. Qf3 Qxa4 35. Rf1 Qb5+ 36.
Kc2 Qa4+ 37. Kb2 Qb5+ 38. Kc2 Qa4+ 39. Kd3 Qb5+ 40. Kc2 Qa4+ 1/2-1/2

[Event "MČR v rapid šachu družstev 2019"]
[Site "Teplice, Czech Republic"]
[Date "2019.09.15"]
[Round "6.12"]
[White "Krejci, Jan"]
[Black "Tichy, Lukas"]
[Result "1-0"]
[TimeControl "15 min. + 5s"]
[WhiteElo "2496"]
[BlackElo "1869"]

1. Nf3 Nf6 2. c4 g6 3. b4 Bg7 4. Bb2 O-O 5. g3 d5 6. c5 b5 7. Bg2 a5 8. a3 axb4 9. axb4 Rxa1 10. Bxa1 c6 11. O-O Bf5 12.
d3 Nbd7 13. Nd4 Qa8 14. Nd2 e5 15. Nxf5 gxf5 16. Nf3 d4 17. Nh4 Nd5 18. Nxf5 N7f6 19. Qd2 h6 20. Nxh6+ Bxh6 21. Qxh6 Nh7 22. Be4 f5 23. Bxf5 Nhf6 24.
Be6+ 1-0

[Event "MČR v rapid šachu družstev 2019"]
[Site "Teplice, Czech Republic"]
[Date "2019.09.15"]
[Round "6.13"]
[White "Wichs, Jakub"]
[Black "Kourousis, Epaminondas"]
[Result "1/2-1/2"]
[TimeControl "15 min. + 5s"]
[WhiteElo "2090"]
[BlackElo "2388"]

1. e4 c5 2. Nf3 Nc6 3.
Bb5 e6 4. O-O Nge7 5. Re1 a6 6. Bf1 d5 7. exd5 Qxd5 8. Nc3 Qd8 9. b3 Nf5 10. Bb2 Be7 11. Ne4 O-O 12. c3 b6 13. d4 cxd4 14. cxd4 Bb7 15. a3 Rc8 16. Qd2 Na5 17. Qd3 Qc7 18.
Rac1 Qb8 19. Ne5 Rfd8 20. Qh3 Rxc1 21. Bxc1 Rxd4 22. Nd2 Rh4 23. Qc3 Bf6 24. Ndf3 Bxf3 25. Qxf3 Bxe5 26. Rxe5 f6 27.
g3 Qxe5 28. gxh4 Nxh4 29. Qa8+ Kf7 30. Qa7+ Kg6 31. Qxb6 Nf3+ 32. Kg2 Qd5 33. Kg3 Nxb3 34.
Be3 Nfd2 35. Be2 Ne4+ 36. Kh3 Nbd2 37. Qxa6 Ng5+ 38. Bxg5 Kxg5 39. Qd3 Qxd3+ 40. Bxd3 f5 41. a4 Nb3 42.
Bc4 Nc5 43. a5 Kf6 44. a6 Nd7 45. Bb5 Nb6 46. Bc6 Nc8 47. Bb7 Na7 48. Kg3 e5 49. Kf3 g5 50. Ke3 h5 51. Kf3 g4+ 52. Kg3 Kg5 53. h4+ Kf6 54. Bd5 f4+ 55. Kg2 Kg6 56. Be4+ Kh6 57. Kh2 Kg7 58. Kg2 Kf6 59. Kh2 Kg7 60.
Kg2 1/2-1/2

[Event "MČR v rapid šachu družstev 2019"]
[Site "Teplice, Czech Republic"]
[Date "2019.09.15"]
[Round "6.14"]
[White "Burdalev, Kirill"]
[Black "Sulc, Jaromir"]
[Result "1-0"]
[TimeControl "15 min. + 5s"]
[WhiteElo "2336"]
[BlackElo "2000"]

1. d4 d5 2. Bf4 Nf6 3. e3 c6 4. c4 e6 5. Nc3 Be7 6. h3 Nbd7 7. Nf3 a6 8. Qc2 O-O 9. Rd1 Re8 10.
a3 dxc4 11. Bxc4 b5 12. Ba2 Qb6 13. O-O Bb7 14. e4 Rac8 15. Bb1 Nf8 16. e5 Nd5 17. Nxd5 cxd5 18. Qd3 a5 19. Bg5 Ba6 20.
Bxe7 Rxe7 21. Qe3 b4 22. Rfe1 Rec7 23. h4 bxa3 24. Qxa3 Rb8 25. Rd2 Rc4 26. h5 Rb4 27. h6 g6 28.
Qe3 Rxb2 29. Rxb2 Qxb2 30. Qg5 Nd7 31. Qe7 Bb5 32. Ng5 Rf8 33. Nxe6 Rc8 34. Ng5 Rf8 35. e6 Qd2 36. exd7 Bxd7 37.
Bxg6 hxg6 38. h7+ 1-0

[Event "MČR v rapid šachu družstev 2019"]
[Site "Teplice, Czech Republic"]
[Date "2019.09.15"]
[Round "6.15"]
[White "Sochor, Jiri"]
[Black "Pribyl, Josef"]
[Result "1/2-1/2"]
[TimeControl "15 min. + 5s"]
[WhiteElo "2249"]
[BlackElo "2285"]

1. d4 Nf6 2. c4 g6 3. Nc3 d5 4. cxd5 Nxd5 5. e4 Nxc3 6. bxc3 Bg7 7. Be3 O-O 8. Bc4 c5 9. Ne2 Nc6 10. O-O Qc7 11. Rc1 Rd8 12. Qc2 Na5 13. Bb3 Nxb3 14. Qxb3 b6 15. dxc5 bxc5 16. Qc4 Be6 17. Qxc5 Qxc5 18. Bxc5 Bc4 19. Rfe1 Rd2 20. Ng3 e5 21. a3 a5 22. Nf1 Rd3 23. Ne3 Bb3 24. c4 Rc8 25. Bb6 a4 26. c5 Bf8 27. h3 Kg7 28. Ng4 f6 29. Re3 Rd2 30. Rec3 h5 31. Ne3 Kf7 32. Ba5 Ra2 33. Bb4 Rc6 34. Nc4 Bh6 35. Re1 Rc7 36. c6 Ke6 37. Ne3 Rd2 38. Kf1 Rd4 39. f3 Bxe3 40. Rexe3 Bc4+ 41. Kf2 Rxc6 42. Rc2 h4 43. Rec3 f5 44. exf5+ gxf5 45. Ba5 Kd5 46. Bd8 Bb5 47. Rxc6 Bxc6 48. Be7 Bd7 49. Bc5 Rd1 50. Be7 Rd3 51. Ke2 Rd4 52. Rd2 Bb5+ 53. Ke1 Bd3 54. Bxh4 Kc4 55. Bf6 Kd5 56. f4 Ke4 57. Bxe5 Rc4 58. Kf2 Rc1 59. Kg3 Re1 60. Rf2 Re3+ 61. Kh2 Kd5 62. g4 Ke6 63. g5 Kf7 64. Kg2 Kg6 65. Rb2 Be4+ 66. Kf2 Rxh3 67. Rb6+ Kh5 68. Rh6+ Kg4 69. Rxh3 Kxh3 70. g6 Bd5 71. g7 Kg4 72. Ke3
Kh5 73. Kd4 Bb3 74. Bd6 Kg6 75. Ke5 Kxg7 76. Kxf5 Kf7 1/2-1/2

[Event "MČR v rapid šachu družstev 2019"]
[Site "Teplice, Czech Republic"]
[Date "2019.09.15"]
[Round "6.16"]
[White "Benes, Petr"]
[Black "Burgermeister, Michal"]
[Result "1-0"]
[TimeControl "15 min. + 5s"]
[WhiteElo "2147"]
[BlackElo "1908"]

1. c4 Nf6 2. Nc3 g6 3. e4 d6 4. d4 Bg7 5. f4 O-O 6. Nf3 c5 7. d5 e6 8. Be2 exd5 9. cxd5 a6 10. e5 Ng4 11. Ng5 Nh6 12. e6 fxe6 13. dxe6 Nc6 14. Qd5 Ne7 15.
Qf3 Nhf5 16. O-O Nd4 17. Qh3 h6 18. Nf7 Rxf7 19. exf7+ Kxf7 20. f5 Bxf5 21. g4 b5 22. gxf5 Nexf5 23. Bd3 Qd7 24. Be4 Re8 25. Bd5+ Kf8 26. Bxh6 b4 27. Ne4 Ne2+ 28. Kh1 Ke7 29. Bg5+ Rh8 1-0

[Event "MČR v rapid šachu družstev 2019"]
[Site "Teplice, Czech Republic"]
[Date "2019.09.15"]
[Round "6.17"]
[White "Vojta, Tomas"]
[Black "Trepka, Jan"]
[Result "1-0"]
[TimeControl "15 min. + 5s"]
[WhiteElo "2402"]
[BlackElo "2209"]

1. e4 c6 2. d4 d5 3. e5 Bf5 4. Nc3 e6 5. g4 Bg6 6.
Nge2 c5 7. Be3 Nc6 8. dxc5 Nxe5 9.
Nd4 Nc6 10. Nb3 Nf6 11. Qe2 Ne4 12.
Nxe4 dxe4 13. Bg2 Qc7 14. O-O-O f5 15. Nd4 Nxd4 16. Bxd4 Be7 17. Qb5+ Qc6 18. Qxc6+ bxc6 19. Bxg7 Rg8 20. Bd4 f4 21. Rhe1 f3 22. Bf1 Rd8 23. Ba6 Rd7 24. Bc8 Bg5+ 25. Be3 Bxe3+ 26. Rxe3 Rxd1+ 27. Kxd1 Ke7 28. Bb7 Kd7 29. Ra3 Be8 30. Rxa7 Rxg4 31. Ba6+ Kd8 32.
Rxh7 e3 33. fxe3 Rg1+ 34. Kd2 f2 35. a4 f1=Q 36. Bxf1 Rxf1 37. Rh6 Ke7 38. b4 Ra1 39. a5 Bd7 40. Kc3 Bc8 41. Rh7+ Kd8 42.
h4 Ra3+ 43. Kd4 Ra2 44. Ke5 Rxc2 45. Kd6 Rd2+ 46. Kxc6 Bd7+ 47. Kb6 Rb2 48. c6 Bxc6 49. Kxc6 Rxb4 50. a6 Ra4 51. a7 1-0